Capitals vs Stars
Created - January 22, 2020 at 19:21
Goals
|
| Capitals |
3 |
0 |
1 |
4 |
| Stars |
0 |
0 |
1 |
1 |
|
Shots
|
| Capitals |
7 |
9 |
16 |
32 |
| Stars |
9 |
11 |
12 |
32 |
|
1st period
1. Capitals , Joe Pavelski 9 (Joe Thornton 20, Brent Seabrook 13) at 9:38
2. Capitals , Thomas Vanek 6 (Brent Seabrook 14) at 10:11
3. Capitals , Patrick Sharp 12 (Joe Thornton 21) at 11:36 (PP)
Penalties :
Ted Purcell (Dal) for Diving (Minor) at 2:42, Brian Lee (Dal) for High sticking (Minor) at 10:41, Cory Emmerton (Dal) for Holding (Minor) at 12:28, Joe Pavelski (Was) for Holding (Minor) at 13:22
2nd period
No Goal
Penalties :
Cory Emmerton (Dal) for Holding Stick (Minor) at 5:51, Alexander Frolov (Dal) for Roughing (Minor) at 10:47, Ondrej Palat (Was) for Hooking (Minor) at 14:04
3rd period
4. Stars , Boris Valabik 5 (John Tavares 26, Michael Grabner 17) at 2:11 (PP)
5. Capitals , Joe Thornton 13 (Joe Pavelski 12) at 6:04 (PP)
Penalties :
Blake Wheeler (Was) for Roughing (Minor) at 1:59, Cam Atkinson (Dal) for Hooking (Minor) at 5:48, Justin Faulk (Was) for Tripping (Minor) at 12:36
Goalie Stats
Mike Smith (Was), 31 saves from 32 shots - (0.969), W, 4-9-3, 60:00 minutes
Cory Schneider (Dal), 28 saves from 32 shots - (0.875), L, 20-10-1, 60:00 minutes
Players Stats for Capitals
Player Name G A P +/- PIM S H SB GA TA FO MP PP MP PK MP
------------------------------------------------------------------------------------
Blake Wheeler 0 0 0 1 2 3 2 0 0 1 1/2 15:11 0:08 2:38
Brent Burns 0 0 0 1 0 3 2 2 0 1 0/0 29:24 4:57 2:44
Brent Seabrook 0 2 2 1 0 1 3 4 0 1 0/0 29:50 4:57 2:31
Brian McGrattan 0 0 0 0 0 0 0 0 0 0 0/0 9:24 0:03 2:52
Jason Pominville 0 0 0 0 0 5 1 0 1 1 0/0 14:37 2:49 1:02
Jeff Skinner 0 0 0 1 0 1 0 1 2 1 1/3 19:52 2:49 0:35
Joe Pavelski 1 1 2 1 2 5 2 1 1 0 1/2 22:05 5:03 0:00
Joe Thornton 1 2 3 1 0 2 0 1 1 1 21/36 23:32 5:05 1:11
Josh Manson 0 0 0 0 0 0 1 1 0 2 0/0 11:25 0:00 0:46
Justin Faulk 0 0 0 1 2 5 0 1 1 1 0/0 19:12 3:05 1:34
Mikko Koivu 0 0 0 0 0 1 0 0 0 0 2/4 6:27 0:00 0:00
Nick Leddy 0 0 0 0 0 0 0 0 0 1 0/0 13:12 3:05 0:00
Ondrej Palat 0 0 0 0 2 0 0 0 0 0 0/0 10:33 0:00 0:32
Patrick Sharp 1 0 1 0 0 1 4 0 0 0 0/0 11:37 5:05 0:00
Ryan Getzlaf 0 0 0 0 0 2 1 0 0 1 7/9 11:24 0:00 1:00
Ryan Nugent-Hopkins 0 0 0 1 0 0 6 2 1 0 6/9 15:23 2:49 0:18
Ryan Suter 0 0 0 1 0 0 0 0 1 0 0/0 16:58 0:00 2:33
Thomas Vanek 1 0 1 1 0 3 2 1 0 0 0/0 13:41 0:14 0:00
Players Stats for Stars
Player Name G A P +/- PIM S H SB GA TA FO MP PP MP PK MP
------------------------------------------------------------------------------------
Alex Chiasson 0 0 0 -1 0 0 0 0 0 0 0/0 13:53 2:20 0:00
Alexander Frolov 0 0 0 -1 2 3 2 0 0 1 0/0 12:37 0:11 0:34
Andrej Sustr 0 0 0 0 0 2 0 0 1 1 0/0 11:09 0:00 0:55
Antoine Vermette 0 0 0 -1 0 1 2 0 0 1 5/10 16:44 2:20 2:24
B.J. Crombeen 0 0 0 -1 0 1 1 0 0 0 1/1 11:28 0:08 0:00
Boris Valabik 1 0 1 -1 0 3 1 0 0 0 0/0 20:41 2:43 2:39
Brian Lee 0 0 0 -1 2 3 2 2 1 1 0/0 28:09 2:21 4:28
Cam Atkinson 0 0 0 0 2 1 0 0 1 0 0/0 6:52 0:00 0:00
Cory Emmerton 0 0 0 -1 4 2 0 0 1 0 3/9 12:04 0:01 0:39
Evgeny Grachev 0 0 0 0 0 1 0 0 0 1 1/2 6:53 0:00 0:00
Guillaume Latendresse 0 0 0 0 0 4 3 0 2 1 0/2 23:40 2:33 4:59
Ian White 0 0 0 -1 0 1 2 3 0 1 0/0 29:05 2:21 5:23
John Tavares 0 1 1 0 0 4 1 1 3 0 16/38 23:40 2:33 4:59
Johnny Oduya 0 0 0 -1 0 1 3 1 0 1 0/0 20:41 2:43 2:39
Jussi Jokinen 0 0 0 -1 0 2 1 2 1 0 0/0 16:47 2:20 2:27
Michael Grabner 0 1 1 0 0 3 4 0 0 0 0/3 18:21 2:35 0:00
Niklas Hjalmarsson 0 0 0 0 0 0 1 1 0 0 0/0 10:14 0:00 0:00
Ted Purcell 0 0 0 0 2 0 0 0 1 0 0/0 7:49 0:11 0:02
3 Stars
1 - Joe Thornton (Was)
2 - Mike Smith (Was)
3 - Brent Seabrook (Was)
Power Play
Capitals - 2 on 6 Attempt(s) - 33.33%
Stars - 1 on 4 Attempt(s) - 25.00%
Penalty Kill
Capitals - 3 on 4 Attempt(s) - 75.00%
- Score 0 goal in Penalty Kill
Stars - 4 on 6 Attempt(s) - 66.67%
- Score 0 goal in Penalty Kill
Team Stat
Capitals - Hits : 24 - Faceoff Wins : 39 - Blocked Shots : 14 - Penalty Minutes : 8
Stars - Hits : 23 - Faceoff Wins : 26 - Blocked Shots : 10 - Penalty Minutes : 12
Official
Referees : Unknown
Linesman : Unknown
Game Notes
No Game Note
Finance
Level 1 -- Attendance: 6000 (100.00%) -- Ticket Income $630,000
Level 2 -- Attendance: 3858 (77.16%) -- Ticket Income $262,344
Level 3 -- Attendance: 2000 (100.00%) -- Ticket Income $76,000
Level 4 -- Attendance: 2927 (73.18%) -- Ticket Income $96,591
Luxury Box -- Attendance: 1000 (100.00%) -- Ticket Income $185,000
Game was played at the American Airlines Center.
Total Attendance: 15785 (87.69%)
Total Ticket Income: $1,249,935
Other Income: $187,490
Total Income: $1,437,425
Capitals
5 vs 5 Forward
Center Left Wing Right Wing Time % Phy DF OF
1 Joe Thornton Jeff Skinner Joe Pavelski 40 1 2 2
2 Ryan Nugent-Hopkins Thomas Vanek Blake Wheeler 30 1 2 2
3 Ryan Getzlaf Ondrej Palat Jason Pominville 20 1 2 2
4 Mikko Koivu Patrick Sharp Brian McGrattan 10 1 2 2
5 vs 5 Defense
Defense Defense Time % Phy DF OF
1 Brent Seabrook Brent Burns 40 1 2 2
2 Ryan Suter Justin Faulk 30 1 2 2
3 Nick Leddy Josh Manson 20 1 2 2
4 Brent Seabrook Brent Burns 10 1 2 2
PowerPlay Forward
Center Left Wing Right Wing Time % Phy DF OF
1 Joe Thornton Patrick Sharp Joe Pavelski 60 1 2 2
2 Ryan Nugent-Hopkins Jeff Skinner Jason Pominville 40 1 2 2
PowerPlay Defense
Defense Defense Time % Phy DF OF
1 Brent Seabrook Brent Burns 60 1 2 2
2 Nick Leddy Justin Faulk 40 1 2 2
Penalty Kill 4 Players Forward
Center Wing Time % Phy DF OF
1 Blake Wheeler Brian McGrattan 60 1 2 2
2 Ryan Getzlaf Jason Pominville 40 1 2 2
Penalty Kill 4 Players Defense
Defense Defense Time % Phy DF OF
1 Brent Seabrook Brent Burns 60 1 2 2
2 Ryan Suter Justin Faulk 40 1 2 2
Penalty Kill - 3 Players Forward
Forward Time % Phy DF OF
1 Joe Thornton 60 1 2 2
2 Jason Pominville 40 1 2 2
Penalty Kill - 3 Players Defense
Defense Defense Time % Phy DF OF
1 Brent Seabrook Brent Burns 60 1 2 2
2 Ryan Suter Justin Faulk 40 1 2 2
4 vs 4 Forward
Center Wing Time % Phy DF OF
1 Joe Thornton Jason Pominville 60 1 2 2
2 Joe Pavelski Patrick Sharp 40 1 2 2
4 vs 4 Defense
Defense Defense Time % Phy DF OF
1 Brent Seabrook Brent Burns 60 1 2 2
2 Ryan Suter Justin Faulk 40 1 2 2
Last Minutes Offensive
Center Left Wing Right Wing Defense Defense
Joe Thornton Patrick Sharp Jason Pominville Brent Seabrook Brent Burns
Last Minutes Defensive
Center Left Wing Right Wing Defense Defense
Joe Thornton Patrick Sharp Jason Pominville Brent Seabrook Brent Burns
Goaltenders
Starting : Mike Smith
Backup : Tuukka Rask
Extra Forwards
Normal : Patrick Sharp, Thomas Vanek, Jeff Skinner - PP : Thomas Vanek, Blake Wheeler - PK : Joe Thornton
Extra Defensemen
Normal : Nick Leddy, Josh Manson, Ryan Suter - PP : Nick Leddy - PK : Josh Manson, Ryan Suter
Penalty Shots
Jeff Skinner, Joe Pavelski, Thomas Vanek, Mikko Koivu, Patrick Sharp
Scratches
None
Stars
5 vs 5 Forward
Center Left Wing Right Wing Time % Phy DF OF
1 John Tavares Guillaume Latendresse Michael Grabner 40 1 2 2
2 Antoine Vermette Jussi Jokinen Alex Chiasson 30 1 2 2
3 Cory Emmerton Alexander Frolov B.J. Crombeen 20 1 2 2
4 Evgeny Grachev Ted Purcell Cam Atkinson 10 1 2 2
5 vs 5 Defense
Defense Defense Time % Phy DF OF
1 Ian White Brian Lee 40 1 2 2
2 Boris Valabik Johnny Oduya 30 1 2 2
3 Niklas Hjalmarsson Andrej Sustr 20 1 2 2
4 Ian White Brian Lee 10 1 2 2
PowerPlay Forward
Center Left Wing Right Wing Time % Phy DF OF
1 John Tavares Guillaume Latendresse Michael Grabner 60 0 2 3
2 Antoine Vermette Jussi Jokinen Alex Chiasson 40 0 2 3
PowerPlay Defense
Defense Defense Time % Phy DF OF
1 Ian White Brian Lee 60 0 2 3
2 Boris Valabik Johnny Oduya 40 0 2 3
Penalty Kill 4 Players Forward
Center Wing Time % Phy DF OF
1 John Tavares Guillaume Latendresse 60 0 3 2
2 Jussi Jokinen Antoine Vermette 40 0 3 2
Penalty Kill 4 Players Defense
Defense Defense Time % Phy DF OF
1 Ian White Brian Lee 60 0 3 2
2 Boris Valabik Johnny Oduya 40 0 3 2
Penalty Kill - 3 Players Forward
Forward Time % Phy DF OF
1 John Tavares 60 0 3 2
2 Guillaume Latendresse 40 0 3 2
Penalty Kill - 3 Players Defense
Defense Defense Time % Phy DF OF
1 Ian White Brian Lee 60 0 3 2
2 Boris Valabik Johnny Oduya 40 0 3 2
4 vs 4 Forward
Center Wing Time % Phy DF OF
1 John Tavares Guillaume Latendresse 60 1 2 2
2 Jussi Jokinen Antoine Vermette 40 1 2 2
4 vs 4 Defense
Defense Defense Time % Phy DF OF
1 Ian White Brian Lee 60 1 2 2
2 Boris Valabik Johnny Oduya 40 1 2 2
Last Minutes Offensive
Center Left Wing Right Wing Defense Defense
John Tavares Guillaume Latendresse Michael Grabner Ian White Brian Lee
Last Minutes Defensive
Center Left Wing Right Wing Defense Defense
John Tavares Guillaume Latendresse Michael Grabner Ian White Brian Lee
Goaltenders
Starting : Cory Schneider
Backup : Brian Elliott
Extra Forwards
Normal : Alexander Frolov, Ted Purcell, Cory Emmerton - PP : Alexander Frolov, Ted Purcell - PK : Cory Emmerton
Extra Defensemen
Normal : Niklas Hjalmarsson, Andrej Sustr, Boris Valabik - PP : Niklas Hjalmarsson - PK : Andrej Sustr, Boris Valabik
Penalty Shots
John Tavares, Guillaume Latendresse, Jussi Jokinen, Antoine Vermette, Alexander Frolov
Scratches
Shawn Matthias (Healthy)
% Time on Ice - Capitals
Lines # - Real PCT - Wanted PCT - Time Play
Normal Forward
1 - 36% - 40% - 16:42
2 - 29% - 30% - 13:07
3 - 21% - 20% - 9:33
4 - 14% - 10% - 6:27
Normal Defense
1 - 42% - 40% - 19:27
2 - 33% - 30% - 14:55
3 - 21% - 20% - 9:24
4 - 4% - 10% - 2:03
PP Forward
1 - 65% - 60% - 5:13
2 - 35% - 40% - 2:49
PP Defense
1 - 62% - 60% - 4:57
2 - 38% - 40% - 3:05
PK Forward
1 - 80% - 60% - 4:04
2 - 20% - 40% - 1:00
PK Defense
1 - 50% - 60% - 2:31
2 - 50% - 40% - 2:33
PK3 Forward
1 - 0% - 60%
2 - 0% - 40%
PK3 Defense
1 - 0% - 60%
2 - 0% - 40%
44 Forward
1 - 68% - 60% - 0:44
2 - 32% - 40% - 0:21
44 Defense
1 - 80% - 60% - 0:52
2 - 20% - 40% - 0:13
Last Minute Offensive - 0:00
Last Minute Defensive - 0:00
Total
Forward - 60:00
Defense - 60:00
|
% Time on Ice - Stars
Lines # - Real PCT - Wanted PCT - Time Play
Normal Forward
1 - 35% - 40% - 16:09
2 - 25% - 30% - 11:38
3 - 24% - 20% - 11:09
4 - 15% - 10% - 6:53
Normal Defense
1 - 43% - 40% - 19:35
2 - 32% - 30% - 14:35
3 - 22% - 20% - 10:14
4 - 3% - 10% - 1:25
PP Forward
1 - 54% - 60% - 2:44
2 - 46% - 40% - 2:20
PP Defense
1 - 46% - 60% - 2:21
2 - 54% - 40% - 2:43
PK Forward
1 - 74% - 60% - 5:55
2 - 26% - 40% - 2:07
PK Defense
1 - 67% - 60% - 5:23
2 - 33% - 40% - 2:39
PK3 Forward
1 - 0% - 60%
2 - 0% - 40%
PK3 Defense
1 - 0% - 60%
2 - 0% - 40%
44 Forward
1 - 66% - 60% - 0:43
2 - 34% - 40% - 0:22
44 Defense
1 - 32% - 60% - 0:21
2 - 68% - 40% - 0:44
Last Minute Offensive - 0:00
Last Minute Defensive - 0:00
Total
Forward - 60:00
Defense - 60:00
|
Play-by-Play
1st period
0:01 of 1st period - Joe Thornton wins face-off versus John Tavares in neutral zone.
0:03 of 1st period - Brent Burns is hit by Ian White and loses puck.
0:32 of 1st period - Snap shot by Thomas Vanek.
0:32 of 1st period - Stopped by Cory Schneider with a rebound.
0:34 of 1st period - Slapshot by Brent Burns.
0:34 of 1st period - Deflect By Blake Wheeler.
0:34 of 1st period - Shot Misses the Net.
0:34 of 1st period - Puck is out of play.
0:35 of 1st period - Cory Emmerton wins face-off versus Ryan Getzlaf in Stars zone.
1:00 of 1st period - Cam Atkinson is hit by Patrick Sharp and loses puck.
2:42 of 1st period - Minor Penalty to Ted Purcell for Diving.
2:43 of 1st period - John Tavares wins face-off versus Joe Thornton in Stars zone.
2:43 of 1st period - John Tavares is hit by Patrick Sharp.
3:50 of 1st period - Brent Seabrook is hit by Ian White and loses puck.
4:17 of 1st period - Nick Leddy is hit by Antoine Vermette and loses puck.
4:42 of 1st period - Penalty to Ted Purcell is over, Ted Purcell is back on ice.
5:21 of 1st period - B.J. Crombeen is hit by Thomas Vanek and loses puck.
5:42 of 1st period - Ted Purcell is hit by Brent Seabrook and loses puck.
6:17 of 1st period - Slapshot by B.J. Crombeen.
6:17 of 1st period - Stopped by Mike Smith with a rebound.
6:29 of 1st period - Andrej Sustr is hit by Patrick Sharp and loses puck.
6:56 of 1st period - Ryan Getzlaf is hit by Jussi Jokinen.
7:25 of 1st period - Mikko Koivu is hit by Boris Valabik.
7:31 of 1st period - Snap shot by Cam Atkinson.
7:31 of 1st period - Stopped by Mike Smith without a rebound.
7:32 of 1st period - John Tavares wins face-off versus Joe Thornton in Capitals zone.
7:43 of 1st period - Wrist shot by John Tavares.
7:43 of 1st period - Deflect By Michael Grabner.
7:43 of 1st period - Shot Misses the Net.
7:43 of 1st period - Puck is out of play.
7:44 of 1st period - John Tavares wins face-off versus Joe Thornton in Capitals zone.
7:59 of 1st period - Joe Pavelski is hit by John Tavares and loses puck.
8:22 of 1st period - Off-side.
8:23 of 1st period - Joe Thornton wins face-off versus John Tavares in neutral zone.
9:20 of 1st period - Wrist shot by Antoine Vermette.
9:20 of 1st period - Shot Misses the Net.
9:22 of 1st period - Backhand shot by Ian White.
9:22 of 1st period - Deflect By Alex Chiasson.
9:22 of 1st period - Shot Blocked by Ryan Nugent-Hopkins.
9:22 of 1st period - Puck is out of play.
9:23 of 1st period - Joe Thornton wins face-off versus Cory Emmerton in Capitals zone.
9:38 of 1st period - Snap shot by Joe Pavelski.
9:38 of 1st period - Goal by Joe Pavelski - Capitals : 1 - Stars : 0.
9:39 of 1st period - Joe Thornton wins face-off versus John Tavares in neutral zone.
9:52 of 1st period - Snap shot by John Tavares.
9:52 of 1st period - Shot Blocked by Brent Burns.
9:54 of 1st period - Slapshot by Guillaume Latendresse.
9:54 of 1st period - Shot Blocked by Jeff Skinner.
9:56 of 1st period - Slapshot by Ian White.
9:56 of 1st period - Shot Misses the Net.
10:06 of 1st period - Brian Lee is hit by Ryan Nugent-Hopkins and loses puck.
10:11 of 1st period - Snap shot by Thomas Vanek.
10:11 of 1st period - Goal by Thomas Vanek - Capitals : 2 - Stars : 0.
10:12 of 1st period - Jeff Skinner wins face-off versus John Tavares in neutral zone.
10:12 of 1st period - Brent Seabrook is hit by Michael Grabner and loses puck.
10:22 of 1st period - Off-side.
10:23 of 1st period - Joe Thornton wins face-off versus John Tavares in neutral zone.
10:26 of 1st period - Wrist shot by Joe Pavelski.
10:26 of 1st period - Stopped by Cory Schneider without a rebound.
10:27 of 1st period - Joe Thornton wins face-off versus Michael Grabner in Stars zone.
10:41 of 1st period - Minor Penalty to Brian Lee for High sticking.
10:42 of 1st period - Joe Thornton wins face-off versus John Tavares in Stars zone.
10:48 of 1st period - Snap shot by Joe Thornton.
10:48 of 1st period - Deflect By Patrick Sharp.
10:48 of 1st period - Shot Misses the Net.
10:48 of 1st period - Puck is out of play.
10:49 of 1st period - John Tavares wins face-off versus Joe Pavelski in Stars zone.
10:57 of 1st period - Off-side.
10:58 of 1st period - John Tavares wins face-off versus Joe Thornton in neutral zone.
11:03 of 1st period - Snap shot by John Tavares.
11:03 of 1st period - Stopped by Mike Smith with a rebound.
11:09 of 1st period - Slapshot by Brent Seabrook.
11:09 of 1st period - Stopped by Cory Schneider without a rebound.
11:10 of 1st period - John Tavares wins face-off versus Joe Thornton in Stars zone.
11:10 of 1st period - John Tavares is hit by Joe Pavelski.
11:17 of 1st period - Icing by Patrick Sharp.
11:18 of 1st period - John Tavares wins face-off versus Joe Thornton in Capitals zone.
11:21 of 1st period - Wrist shot by John Tavares.
11:21 of 1st period - Stopped by Mike Smith with a rebound.
11:27 of 1st period - John Tavares is hit by Brent Seabrook and loses puck.
11:36 of 1st period - Snap shot by Patrick Sharp.
11:36 of 1st period - Goal by Patrick Sharp - Capitals : 3 - Stars : 0.
11:37 of 1st period - Ryan Nugent-Hopkins wins face-off versus Antoine Vermette in neutral zone.
11:44 of 1st period - Slapshot by Thomas Vanek.
11:44 of 1st period - Shot Misses the Net.
12:10 of 1st period - Joe Pavelski is hit by Michael Grabner and loses puck.
12:28 of 1st period - Minor Penalty to Cory Emmerton for Holding.
12:29 of 1st period - Joe Thornton wins face-off versus John Tavares in Stars zone.
13:04 of 1st period - Wrist shot by Jussi Jokinen.
13:04 of 1st period - Stopped by Mike Smith with a rebound.
13:22 of 1st period - Minor Penalty to Joe Pavelski for Holding.
13:23 of 1st period - Joe Thornton wins face-off versus John Tavares in Capitals zone.
13:23 of 1st period - Joe Thornton is hit by Guillaume Latendresse.
13:59 of 1st period - Snap shot by Brent Seabrook.
13:59 of 1st period - Shot Misses the Net.
14:09 of 1st period - Snap shot by Antoine Vermette.
14:09 of 1st period - Stopped by Mike Smith with a rebound.
14:28 of 1st period - Penalty to Cory Emmerton is over, Cory Emmerton is back on ice.
15:22 of 1st period - Penalty to Joe Pavelski is over, Joe Pavelski is back on ice.
15:37 of 1st period - Snap shot by Ryan Getzlaf.
15:37 of 1st period - Stopped by Cory Schneider with a rebound.
15:51 of 1st period - B.J. Crombeen is hit by Ryan Nugent-Hopkins and loses puck.
17:05 of 1st period - Johnny Oduya is hit by Blake Wheeler and loses puck.
17:34 of 1st period - Backhand shot by Boris Valabik.
17:34 of 1st period - Deflect By Nick Leddy.
17:34 of 1st period - Stopped by Mike Smith without a rebound.
17:35 of 1st period - Ryan Getzlaf wins face-off versus Guillaume Latendresse in Capitals zone.
18:00 of 1st period - Alex Chiasson is hit by Ryan Nugent-Hopkins and loses puck.
18:05 of 1st period - Wrist shot by Ryan Nugent-Hopkins.
18:05 of 1st period - Shot Blocked by Ian White.
18:21 of 1st period - Brent Burns is hit by Niklas Hjalmarsson and loses puck.
18:36 of 1st period - Brent Seabrook is hit by Michael Grabner and loses puck.
18:59 of 1st period - Slapshot by Johnny Oduya.
18:59 of 1st period - Deflect By Ryan Getzlaf.
18:59 of 1st period - Stopped by Mike Smith without a rebound.
19:00 of 1st period - Ryan Getzlaf wins face-off versus Antoine Vermette in Capitals zone.
19:48 of 1st period - Slapshot by Brian Lee.
19:48 of 1st period - Stopped by Mike Smith without a rebound.
19:49 of 1st period - Ryan Nugent-Hopkins wins face-off versus Cory Emmerton in Capitals zone.
19:49 of 1st period - Ryan Nugent-Hopkins is hit by B.J. Crombeen.
Goals for this period are 3 for Capitals vs 0 for Stars.
Shots for this period are 7 for Capitals vs 9 for Stars.
2nd period
0:01 of 2nd period - John Tavares wins face-off versus Jeff Skinner in neutral zone.
0:07 of 2nd period - Snap shot by John Tavares.
0:07 of 2nd period - Shot Blocked by Brent Seabrook.
0:09 of 2nd period - Wrist shot by Michael Grabner.
0:09 of 2nd period - Stopped by Mike Smith without a rebound.
0:10 of 2nd period - John Tavares wins face-off versus Joe Thornton in Capitals zone.
0:25 of 2nd period - Wrist shot by Michael Grabner.
0:25 of 2nd period - Stopped by Mike Smith with a rebound.
0:27 of 2nd period - Slapshot by Brian Lee.
0:27 of 2nd period - Shot Blocked by Joe Pavelski.
0:29 of 2nd period - Snap shot by John Tavares.
0:29 of 2nd period - Shot Blocked by Brent Seabrook.
0:31 of 2nd period - Wrist shot by Guillaume Latendresse.
0:31 of 2nd period - Stopped by Mike Smith without a rebound.
0:32 of 2nd period - Antoine Vermette wins face-off versus Ryan Nugent-Hopkins in Capitals zone.
1:07 of 2nd period - Slapshot by Boris Valabik.
1:07 of 2nd period - Stopped by Mike Smith without a rebound.
1:08 of 2nd period - John Tavares wins face-off versus Joe Thornton in Capitals zone.
1:17 of 2nd period - Wrist shot by Joe Pavelski.
1:17 of 2nd period - Stopped by Cory Schneider with a rebound.
1:23 of 2nd period - Wrist shot by Joe Pavelski.
1:23 of 2nd period - Shot Misses the Net.
1:25 of 2nd period - Slapshot by Brent Burns.
1:25 of 2nd period - Shot Blocked by John Tavares.
1:35 of 2nd period - Antoine Vermette is hit by Thomas Vanek and loses puck.
1:44 of 2nd period - Snap shot by Antoine Vermette.
1:44 of 2nd period - Deflect By Jussi Jokinen.
1:44 of 2nd period - Shot Misses the Net.
1:44 of 2nd period - Puck is out of play.
1:45 of 2nd period - Joe Pavelski wins face-off versus Cory Emmerton in Capitals zone.
2:17 of 2nd period - Boris Valabik is hit by Brent Seabrook and loses puck.
2:38 of 2nd period - Alex Chiasson is hit by Brent Burns and loses puck.
3:29 of 2nd period - Slapshot by Brian Lee.
3:29 of 2nd period - Stopped by Mike Smith without a rebound.
3:30 of 2nd period - Mikko Koivu wins face-off versus John Tavares in Capitals zone.
3:48 of 2nd period - Icing by Justin Faulk.
3:49 of 2nd period - Antoine Vermette wins face-off versus Mikko Koivu in Capitals zone.
4:24 of 2nd period - Slapshot by John Tavares.
4:24 of 2nd period - Shot Misses the Net.
4:26 of 2nd period - Snap shot by Michael Grabner.
4:26 of 2nd period - Shot Misses the Net.
4:40 of 2nd period - Wrist shot by Cory Emmerton.
4:40 of 2nd period - Deflect By Alexander Frolov.
4:40 of 2nd period - Stopped by Mike Smith with a rebound.
4:42 of 2nd period - Slapshot by Cory Emmerton.
4:42 of 2nd period - Stopped by Mike Smith without a rebound.
4:43 of 2nd period - Ryan Nugent-Hopkins wins face-off versus Antoine Vermette in Capitals zone.
5:10 of 2nd period - Jeff Skinner is hit by Brian Lee and loses puck.
5:17 of 2nd period - Wrist shot by John Tavares.
5:17 of 2nd period - Shot Misses the Net.
5:19 of 2nd period - Backhand shot by Andrej Sustr.
5:19 of 2nd period - Stopped by Mike Smith with a rebound.
5:21 of 2nd period - Slapshot by Andrej Sustr.
5:21 of 2nd period - Shot Misses the Net.
5:23 of 2nd period - Slapshot by Andrej Sustr.
5:23 of 2nd period - Shot Misses the Net.
5:37 of 2nd period - Slapshot by Jason Pominville.
5:37 of 2nd period - Shot Misses the Net.
5:43 of 2nd period - Snap shot by Ryan Getzlaf.
5:43 of 2nd period - Shot Misses the Net.
5:45 of 2nd period - Snap shot by Jason Pominville.
5:45 of 2nd period - Shot Misses the Net.
5:51 of 2nd period - Minor Penalty to Cory Emmerton for Holding Stick.
5:52 of 2nd period - Joe Thornton wins face-off versus John Tavares in Stars zone.
6:05 of 2nd period - Snap shot by Joe Thornton.
6:05 of 2nd period - Stopped by Cory Schneider without a rebound.
6:06 of 2nd period - Joe Thornton wins face-off versus John Tavares in Stars zone.
6:44 of 2nd period - Wrist shot by Jussi Jokinen.
6:44 of 2nd period - Shot Misses the Net.
6:46 of 2nd period - Slapshot by Ian White.
6:46 of 2nd period - Stopped by Mike Smith with a rebound.
7:51 of 2nd period - Penalty to Cory Emmerton is over, Cory Emmerton is back on ice.
8:42 of 2nd period - Snap shot by Thomas Vanek.
8:42 of 2nd period - Shot Blocked by Jussi Jokinen.
9:10 of 2nd period - Backhand shot by Blake Wheeler.
9:10 of 2nd period - Shot Misses the Net.
10:06 of 2nd period - Cam Atkinson is hit by Brent Burns and loses puck.
10:39 of 2nd period - Snap shot by Jason Pominville.
10:39 of 2nd period - Stopped by Cory Schneider with a rebound.
10:41 of 2nd period - Slapshot by Justin Faulk.
10:41 of 2nd period - Shot Blocked by Niklas Hjalmarsson.
10:43 of 2nd period - Slapshot by Justin Faulk.
10:43 of 2nd period - Stopped by Cory Schneider without a rebound.
10:44 of 2nd period - Cory Emmerton wins face-off versus Ryan Getzlaf in Stars zone.
10:44 of 2nd period - Cory Emmerton is hit by Josh Manson.
10:47 of 2nd period - Minor Penalty to Alexander Frolov for Roughing.
10:48 of 2nd period - Joe Thornton wins face-off versus John Tavares in Stars zone.
12:47 of 2nd period - Penalty to Alexander Frolov is over, Alexander Frolov is back on ice.
12:48 of 2nd period - Thomas Vanek is hit by Alexander Frolov and loses puck.
13:07 of 2nd period - Snap shot by Evgeny Grachev.
13:07 of 2nd period - Stopped by Mike Smith without a rebound.
13:08 of 2nd period - Mikko Koivu wins face-off versus Cory Emmerton in Capitals zone.
14:04 of 2nd period - Minor Penalty to Ondrej Palat for Hooking.
14:05 of 2nd period - Blake Wheeler wins face-off versus John Tavares in Capitals zone.
14:36 of 2nd period - Snap shot by Alex Chiasson.
14:36 of 2nd period - Shot Misses the Net.
14:54 of 2nd period - Snap shot by Jason Pominville.
14:54 of 2nd period - Shot Blocked by Brian Lee.
14:56 of 2nd period - Snap shot by Jason Pominville.
14:56 of 2nd period - Stopped by Cory Schneider with a rebound.
16:04 of 2nd period - Penalty to Ondrej Palat is over, Ondrej Palat is back on ice.
16:06 of 2nd period - Ryan Getzlaf is hit by Alexander Frolov and loses puck.
17:58 of 2nd period - Joe Thornton is hit by Johnny Oduya and loses puck.
18:20 of 2nd period - Snap shot by Guillaume Latendresse.
18:20 of 2nd period - Stopped by Mike Smith without a rebound.
18:21 of 2nd period - Ryan Getzlaf wins face-off versus Michael Grabner in Capitals zone.
18:29 of 2nd period - Off-side.
18:30 of 2nd period - Ryan Getzlaf wins face-off versus John Tavares in neutral zone.
18:49 of 2nd period - Snap shot by Jason Pominville.
18:49 of 2nd period - Stopped by Cory Schneider without a rebound.
18:50 of 2nd period - Antoine Vermette wins face-off versus Joe Thornton in Stars zone.
18:59 of 2nd period - Snap shot by Joe Pavelski.
18:59 of 2nd period - Stopped by Cory Schneider without a rebound.
19:00 of 2nd period - Joe Thornton wins face-off versus Antoine Vermette in Stars zone.
19:05 of 2nd period - Slapshot by Joe Pavelski.
19:05 of 2nd period - Shot Misses the Net.
19:07 of 2nd period - Snap shot by Joe Thornton.
19:07 of 2nd period - Shot Blocked by Jussi Jokinen.
19:09 of 2nd period - Wrist shot by Joe Thornton.
19:09 of 2nd period - Deflect By Joe Pavelski.
19:09 of 2nd period - Shot Misses the Net.
19:09 of 2nd period - Puck is out of play.
19:10 of 2nd period - Joe Thornton wins face-off versus John Tavares in Stars zone.
19:11 of 2nd period - Wrist shot by Jeff Skinner.
19:11 of 2nd period - Shot Blocked by Ian White.
19:39 of 2nd period - Snap shot by Brent Burns.
19:39 of 2nd period - Shot Misses the Net.
19:41 of 2nd period - Wrist shot by Blake Wheeler.
19:41 of 2nd period - Shot Misses the Net.
19:45 of 2nd period - Backhand shot by Blake Wheeler.
19:45 of 2nd period - Stopped by Cory Schneider with a rebound.
19:47 of 2nd period - Snap shot by Ryan Nugent-Hopkins.
19:47 of 2nd period - Shot Misses the Net.
19:49 of 2nd period - Slapshot by Brent Burns.
19:49 of 2nd period - Stopped by Cory Schneider without a rebound.
19:50 of 2nd period - John Tavares wins face-off versus Jeff Skinner in Stars zone.
Goals for this period are 0 for Capitals vs 0 for Stars.
Shots for this period are 9 for Capitals vs 11 for Stars.
3rd period
0:01 of 3rd period - Joe Thornton wins face-off versus John Tavares in neutral zone.
0:10 of 3rd period - Snap shot by Joe Pavelski.
0:10 of 3rd period - Shot Blocked by Ian White.
0:38 of 3rd period - Slapshot by Blake Wheeler.
0:38 of 3rd period - Stopped by Cory Schneider without a rebound.
0:39 of 3rd period - Ryan Getzlaf wins face-off versus John Tavares in Stars zone.
0:40 of 3rd period - Wrist shot by Ondrej Palat.
0:40 of 3rd period - Shot Misses the Net.
0:44 of 3rd period - Wrist shot by Ryan Getzlaf.
0:44 of 3rd period - Shot Misses the Net.
0:46 of 3rd period - Wrist shot by Justin Faulk.
0:46 of 3rd period - Shot Blocked by Johnny Oduya.
0:48 of 3rd period - Slapshot by Jason Pominville.
0:48 of 3rd period - Stopped by Cory Schneider without a rebound.
0:49 of 3rd period - Ryan Getzlaf wins face-off versus John Tavares in Stars zone.
0:52 of 3rd period - Wrist shot by Jason Pominville.
0:52 of 3rd period - Stopped by Cory Schneider without a rebound.
0:53 of 3rd period - John Tavares wins face-off versus Joe Thornton in Stars zone.
1:09 of 3rd period - Joe Thornton is hit by Michael Grabner and loses puck.
1:20 of 3rd period - Jussi Jokinen is hit by Ryan Getzlaf and loses puck.
1:33 of 3rd period - Wrist shot by Jason Pominville.
1:33 of 3rd period - Shot Misses the Net.
1:44 of 3rd period - Brian Lee is hit by Ryan Nugent-Hopkins and loses puck.
1:49 of 3rd period - Snap shot by B.J. Crombeen.
1:49 of 3rd period - Shot Misses the Net.
1:51 of 3rd period - Slapshot by Alexander Frolov.
1:51 of 3rd period - Shot Blocked by Justin Faulk.
1:53 of 3rd period - Wrist shot by Alexander Frolov.
1:53 of 3rd period - Shot Blocked by Ryan Nugent-Hopkins.
1:59 of 3rd period - Minor Penalty to Blake Wheeler for Roughing.
2:00 of 3rd period - John Tavares wins face-off versus Joe Thornton in Capitals zone.
2:03 of 3rd period - Snap shot by John Tavares.
2:03 of 3rd period - Stopped by Mike Smith with a rebound.
2:05 of 3rd period - Slapshot by Guillaume Latendresse.
2:05 of 3rd period - Deflect By Brent Seabrook.
2:05 of 3rd period - Stopped by Mike Smith with a rebound.
2:07 of 3rd period - Snap shot by Michael Grabner.
2:07 of 3rd period - Shot Misses the Net.
2:09 of 3rd period - Snap shot by John Tavares.
2:09 of 3rd period - Shot Misses the Net.
2:11 of 3rd period - Slapshot by Boris Valabik.
2:11 of 3rd period - Goal by Boris Valabik - Capitals : 3 - Stars : 1.
2:12 of 3rd period - Joe Thornton wins face-off versus Guillaume Latendresse in neutral zone.
2:39 of 3rd period - Ryan Nugent-Hopkins is hit by Antoine Vermette and loses puck.
2:50 of 3rd period - Wrist shot by Alex Chiasson.
2:50 of 3rd period - Shot Blocked by Brent Seabrook.
4:06 of 3rd period - Slapshot by Justin Faulk.
4:06 of 3rd period - Stopped by Cory Schneider with a rebound.
4:24 of 3rd period - Ryan Suter is hit by Johnny Oduya and loses puck.
4:33 of 3rd period - Slapshot by Justin Faulk.
4:33 of 3rd period - Stopped by Cory Schneider with a rebound.
4:49 of 3rd period - Snap shot by Thomas Vanek.
4:49 of 3rd period - Shot Misses the Net.
4:51 of 3rd period - Snap shot by Thomas Vanek.
4:51 of 3rd period - Stopped by Cory Schneider with a rebound.
4:53 of 3rd period - Snap shot by Blake Wheeler.
4:53 of 3rd period - Stopped by Cory Schneider with a rebound.
4:55 of 3rd period - Slapshot by Justin Faulk.
4:55 of 3rd period - Stopped by Cory Schneider with a rebound.
4:57 of 3rd period - Slapshot by Justin Faulk.
4:57 of 3rd period - Deflect By Ian White.
4:57 of 3rd period - Stopped by Cory Schneider without a rebound.
4:58 of 3rd period - Joe Thornton wins face-off versus Michael Grabner in Stars zone.
5:09 of 3rd period - Joe Thornton is hit by Guillaume Latendresse and loses puck.
5:48 of 3rd period - Minor Penalty to Cam Atkinson for Hooking.
5:49 of 3rd period - John Tavares wins face-off versus Joe Thornton in Stars zone.
6:02 of 3rd period - Slapshot by Joe Thornton.
6:02 of 3rd period - Shot Blocked by Brian Lee.
6:04 of 3rd period - Wrist shot by Joe Thornton.
6:04 of 3rd period - Goal by Joe Thornton - Capitals : 4 - Stars : 1.
6:05 of 3rd period - Joe Thornton wins face-off versus John Tavares in neutral zone.
6:16 of 3rd period - Wrist shot by Jeff Skinner.
6:16 of 3rd period - Shot Misses the Net.
6:18 of 3rd period - Slapshot by Brent Burns.
6:18 of 3rd period - Stopped by Cory Schneider without a rebound.
6:19 of 3rd period - John Tavares wins face-off versus Joe Thornton in Stars zone.
6:28 of 3rd period - Wrist shot by Michael Grabner.
6:28 of 3rd period - Deflect By Brent Burns.
6:28 of 3rd period - Shot Misses the Net.
6:28 of 3rd period - Puck is out of play.
6:29 of 3rd period - Joe Thornton wins face-off versus John Tavares in Capitals zone.
7:08 of 3rd period - Snap shot by Joe Thornton.
7:08 of 3rd period - Shot Misses the Net.
7:30 of 3rd period - Slapshot by John Tavares.
7:30 of 3rd period - Shot Blocked by Joe Thornton.
7:32 of 3rd period - Snap shot by Guillaume Latendresse.
7:32 of 3rd period - Stopped by Mike Smith with a rebound.
7:38 of 3rd period - Wrist shot by John Tavares.
7:38 of 3rd period - Shot Misses the Net.
7:40 of 3rd period - Wrist shot by John Tavares.
7:40 of 3rd period - Shot Misses the Net.
7:42 of 3rd period - Slapshot by Guillaume Latendresse.
7:42 of 3rd period - Deflect By Michael Grabner.
7:42 of 3rd period - Stopped by Mike Smith with a rebound.
7:46 of 3rd period - Wrist shot by John Tavares.
7:46 of 3rd period - Shot Misses the Net.
7:48 of 3rd period - Slapshot by Brian Lee.
7:48 of 3rd period - Shot Blocked by Brent Burns.
7:50 of 3rd period - Slapshot by Brian Lee.
7:50 of 3rd period - Stopped by Mike Smith without a rebound.
7:51 of 3rd period - Antoine Vermette wins face-off versus Ryan Nugent-Hopkins in Capitals zone.
8:24 of 3rd period - Wrist shot by Cory Emmerton.
8:24 of 3rd period - Stopped by Mike Smith with a rebound.
9:05 of 3rd period - Slapshot by Niklas Hjalmarsson.
9:05 of 3rd period - Shot Misses the Net.
9:07 of 3rd period - Wrist shot by Andrej Sustr.
9:07 of 3rd period - Shot Blocked by Josh Manson.
9:09 of 3rd period - Wrist shot by Antoine Vermette.
9:09 of 3rd period - Shot Blocked by Thomas Vanek.
9:31 of 3rd period - B.J. Crombeen is hit by Ryan Nugent-Hopkins and loses puck.
9:46 of 3rd period - Snap shot by Ryan Getzlaf.
9:46 of 3rd period - Stopped by Cory Schneider without a rebound.
9:47 of 3rd period - Ryan Getzlaf wins face-off versus Evgeny Grachev in Stars zone.
10:41 of 3rd period - Snap shot by Mikko Koivu.
10:41 of 3rd period - Stopped by Cory Schneider with a rebound.
10:43 of 3rd period - Slapshot by Brent Seabrook.
10:43 of 3rd period - Shot Misses the Net.
10:59 of 3rd period - Wrist shot by Alexander Frolov.
10:59 of 3rd period - Stopped by Mike Smith without a rebound.
11:00 of 3rd period - Joe Thornton wins face-off versus Cory Emmerton in Capitals zone.
11:00 of 3rd period - Joe Thornton is hit by Brian Lee.
11:52 of 3rd period - Ian White is hit by Patrick Sharp.
11:53 of 3rd period - Icing by Ian White.
11:54 of 3rd period - Cory Emmerton wins face-off versus Mikko Koivu in Stars zone.
12:26 of 3rd period - Slapshot by Michael Grabner.
12:26 of 3rd period - Shot Misses the Net.
12:36 of 3rd period - Minor Penalty to Justin Faulk for Tripping.
12:37 of 3rd period - John Tavares wins face-off versus Blake Wheeler in Capitals zone.
13:30 of 3rd period - Josh Manson is hit by Johnny Oduya and loses puck.
14:28 of 3rd period - Alex Chiasson is hit by Blake Wheeler and loses puck.
14:36 of 3rd period - Penalty to Justin Faulk is over, Justin Faulk is back on ice.
15:18 of 3rd period - Icing by Cam Atkinson.
15:19 of 3rd period - Evgeny Grachev wins face-off versus Ryan Nugent-Hopkins in Stars zone.
15:28 of 3rd period - Slapshot by Andrej Sustr.
15:28 of 3rd period - Stopped by Mike Smith without a rebound.
15:29 of 3rd period - Joe Thornton wins face-off versus Cory Emmerton in Capitals zone.
15:54 of 3rd period - Jason Pominville is hit by Guillaume Latendresse and loses puck.
16:13 of 3rd period - Slapshot by Jussi Jokinen.
16:13 of 3rd period - Stopped by Mike Smith without a rebound.
16:14 of 3rd period - Ryan Nugent-Hopkins wins face-off versus Antoine Vermette in Capitals zone.
16:21 of 3rd period - Backhand shot by Nick Leddy.
16:21 of 3rd period - Shot Misses the Net.
16:45 of 3rd period - Snap shot by Alexander Frolov.
16:45 of 3rd period - Stopped by Mike Smith without a rebound.
16:46 of 3rd period - B.J. Crombeen wins face-off versus Joe Thornton in Capitals zone.
16:47 of 3rd period - Slapshot by Cory Emmerton.
16:47 of 3rd period - Shot Blocked by Brent Seabrook.
16:53 of 3rd period - Slapshot by Brent Burns.
16:53 of 3rd period - Stopped by Cory Schneider with a rebound.
16:59 of 3rd period - Wrist shot by Joe Pavelski.
16:59 of 3rd period - Stopped by Cory Schneider with a rebound.
17:01 of 3rd period - Wrist shot by Jeff Skinner.
17:01 of 3rd period - Stopped by Cory Schneider without a rebound.
17:02 of 3rd period - Ryan Nugent-Hopkins wins face-off versus John Tavares in Stars zone.
17:17 of 3rd period - Slapshot by John Tavares.
17:17 of 3rd period - Shot Misses the Net.
17:19 of 3rd period - Slapshot by John Tavares.
17:19 of 3rd period - Shot Misses the Net.
17:31 of 3rd period - Icing by Alex Chiasson.
17:32 of 3rd period - Antoine Vermette wins face-off versus Joe Thornton in Stars zone.
17:32 of 3rd period - Antoine Vermette is hit by Joe Pavelski.
18:40 of 3rd period - Off-side.
18:41 of 3rd period - Ryan Nugent-Hopkins wins face-off versus John Tavares in neutral zone.
18:50 of 3rd period - Michael Grabner is hit by Ryan Nugent-Hopkins and loses puck.
19:18 of 3rd period - Ian White is hit by Jason Pominville and loses puck.
19:52 of 3rd period - Wrist shot by Guillaume Latendresse.
19:52 of 3rd period - Deflect By John Tavares.
19:52 of 3rd period - Stopped by Mike Smith with a rebound.
Goals for this period are 1 for Capitals vs 1 for Stars.
Shots for this period are 16 for Capitals vs 12 for Stars.
Back to the Top